| TOP OF THE 1ST |
|
Harrisburg Senators batting - Pitching for Mobile BayBears : RHP Chad Mangum
|
|
Pitching: RHP Chad Mangum
|
|
|
Batting: RHB Ryan Hiemer
|
0-0: Called Strike 0-1: Foul Ball, location: 2F 0-2: Ball 1-2: Ball 2-2: Foul Ball, location: 2F 2-2: Foul Ball, location: 2F 2-2: Ball 3-2: Fly out, F8 (Flyball, 8LD, EV 97.5 MPH)
|
|
Batting: RHB Er Le
|
0-0: Foul Ball, location: 2F 0-1: Ball 1-1: Called Strike 1-2: Ball 2-2: Strikes out swinging
|
|
Batting: LHB Kevin Kantor
|
0-0: Ball 1-0: Ground out 1-3 (Groundball, P, EV 69.4 MPH)
|
| Top of the 1st over - 0 runs, 0 hits, 0 errors, 0 left on base; Harrisburg 0 - Mobile 0 |
| BOTTOM OF THE 1ST |
|
Mobile BayBears batting - Pitching for Harrisburg Senators : RHP Josh Wellman
|
|
Pitching: RHP Josh Wellman
|
|
|
Batting: RHB Luke Stark
|
0-0: Ball 1-0: Called Strike 1-1: Ball 2-1: Ground out 3-1 (Groundball, 34, EV 85.0 MPH)
|
|
Batting: RHB Francisco Gutierrez
|
0-0: Ball 1-0: Ground out 5-3 (Groundball, 25, EV 85.0 MPH)
|
|
Batting: RHB Seth Tramontano
|
0-0: Foul Ball, location: 2F 0-1: Ball 1-1: SINGLE (Flyball, 5D, EV 90.6 MPH)
|
|
Batting: SHB Rich Muniz
|
0-0: Ball 1-0: Foul Ball, location: 2F 1-1: Ball 2-1: SINGLE (Groundball, 34D, EV 108.1 MPH) Seth Tramontano to second Runner from 2nd tries for 3rd, SAFE, throw by RF made to third
|
|
Batting: RHB Josh Burrows
|
0-0: SINGLE (Groundball, 56D, EV 109.4 MPH) Seth Tramontano scores Rich Muniz to second
|
|
Batting: RHB D.J. Cooke
|
0-0: Foul Ball, location: 2F 0-1: Reached on error, E8 (Flyball, 78D, EV 95.6 MPH) Rich Muniz scores Josh Burrows to third
|
|
Batting: LHB T.J. Duvall
|
0-0: Foul Ball, location: 2F 0-1: Fly out, F7 (Flyball, 7D, EV 91.2 MPH)
|
| Bottom of the 1st over - 2 runs, 3 hits, 1 error, 2 left on base; Harrisburg 0 - Mobile 2 |
| TOP OF THE 2ND |
|
Harrisburg Senators batting - Pitching for Mobile BayBears : RHP Chad Mangum
|
|
Batting: RHB Nate Dickinson
|
0-0: Called Strike 0-1: SINGLE (Line Drive, 8RS, EV 95.6 MPH)
|
|
Batting: LHB Chance McWilliams
|
0-0: Ball 1-0: Foul Ball, location: 2F 1-1: Ball 2-1: Called Strike 2-2: Strikes out swinging
|
|
Batting: RHB Pat Scaturro
|
0-0: Ball 1-0: Foul Ball, location: 2F 1-1: Fielders Choice at 2nd, 5-4 (Groundball, 5L, EV 83.8 MPH)
|
|
Batting: RHB Bobby Bricker
|
0-0: Ball 1-0: Ball 2-0: Swinging Strike 2-1: Fielders Choice at 2nd, 6-4 (Groundball, 6, EV 80.0 MPH)
|
| Top of the 2nd over - 0 runs, 1 hit, 0 errors, 1 left on base; Harrisburg 0 - Mobile 2 |
| BOTTOM OF THE 2ND |
|
Mobile BayBears batting - Pitching for Harrisburg Senators : RHP Josh Wellman
|
|
Batting: RHB Sean Tanner
|
0-0: Ball 1-0: Ball 2-0: Foul Ball, location: 2F 2-1: Swinging Strike 2-2: Strikes out swinging, 2-3 out at first.
|
|
Batting: RHB Carlos Ballesteros
|
0-0: Fly out, F7 (Flyball, 7S, EV 85.6 MPH)
|
|
Batting: RHB Luke Stark
|
0-0: Foul Ball, location: 2F 0-1: Ground out 5-3 (Groundball, 56, EV 77.5 MPH)
|
| Bottom of the 2nd over - 0 runs, 0 hits, 0 errors, 0 left on base; Harrisburg 0 - Mobile 2 |
| TOP OF THE 3RD |
|
Harrisburg Senators batting - Pitching for Mobile BayBears : RHP Chad Mangum
|
|
Batting: RHB Antonio Vallez
|
0-0: Ball 1-0: Ball 2-0: Ground out 4-3 (Groundball, 4, EV 89.4 MPH)
|
|
Batting: LHB Vince McLane
|
0-0: Fly out, F4 (Popup, 4D, EV 70.6 MPH)
|
|
Batting: RHB Ryan Hiemer
|
0-0: Ball 1-0: Ball 2-0: Called Strike 2-1: Fly out, F8 (Line Drive, 8LM, EV 93.1 MPH)
|
| Top of the 3rd over - 0 runs, 0 hits, 0 errors, 0 left on base; Harrisburg 0 - Mobile 2 |
| BOTTOM OF THE 3RD |
|
Mobile BayBears batting - Pitching for Harrisburg Senators : RHP Josh Wellman
|
|
Batting: RHB Francisco Gutierrez
|
0-0: Called Strike 0-1: Ball 1-1: Ball 2-1: Ball 3-1: Fly out, F9 (Flyball, 9LMF, EV 91.2 MPH)
|
|
Batting: RHB Seth Tramontano
|
0-0: Ball 1-0: Foul Ball, location: 2F 1-1: Foul Ball, location: 2F 1-2: Fly out, F7 (Flyball, 7, EV 74.4 MPH)
|
|
Batting: SHB Rich Muniz
|
0-0: SINGLE (Line Drive, 9S, EV 108.1 MPH)
|
|
Batting: RHB Josh Burrows
|
0-0: Called Strike 0-1: Ball Pickoff Throw to First - Out! 1-3
|
| Bottom of the 3rd over - 0 runs, 1 hit, 0 errors, 0 left on base; Harrisburg 0 - Mobile 2 |
| TOP OF THE 4TH |
|
Harrisburg Senators batting - Pitching for Mobile BayBears : RHP Chad Mangum
|
|
Batting: RHB Er Le
|
0-0: Ball 1-0: SINGLE (Line Drive, 9S, EV 105.6 MPH)
|
|
Batting: LHB Kevin Kantor
|
0-0: Called Strike 0-1: Ball 1-1: Called Strike 1-2: Foul Ball, location: 2F 1-2: Foul Ball, location: 2F 1-2: Fielders Choice at 2nd, 6-4 (Groundball, 6M, EV 79.4 MPH)
|
|
Batting: RHB Nate Dickinson
|
0-0: Called Strike 0-1: Ball 1-1: Swinging Strike 1-2: Strikes out swinging
|
|
Batting: LHB Chance McWilliams
|
0-0: Ground out 4-3 (Groundball, 4, EV 92.5 MPH)
|
| Top of the 4th over - 0 runs, 1 hit, 0 errors, 1 left on base; Harrisburg 0 - Mobile 2 |
| BOTTOM OF THE 4TH |
|
Mobile BayBears batting - Pitching for Harrisburg Senators : RHP Josh Wellman
|
|
Batting: RHB Josh Burrows
|
0-0: Called Strike 0-1: Foul Ball, location: 2F 0-2: Fly out, F8 (Flyball, 89M, EV 88.1 MPH)
|
|
Batting: RHB D.J. Cooke
|
0-0: Called Strike 0-1: Foul Ball, location: 2F 0-2: Ball 1-2: Ball 2-2: Fly out, F7 (Flyball, 7S, EV 88.1 MPH)
|
|
Batting: LHB T.J. Duvall
|
0-0: Called Strike 0-1: Foul Ball, location: 2F 0-2: Ball 1-2: Ball 2-2: Fly out, F8 (Flyball, 8RXD, EV 87.5 MPH)
|
| Bottom of the 4th over - 0 runs, 0 hits, 0 errors, 0 left on base; Harrisburg 0 - Mobile 2 |
| TOP OF THE 5TH |
|
Harrisburg Senators batting - Pitching for Mobile BayBears : RHP Chad Mangum
|
|
Batting: RHB Pat Scaturro
|
0-0: Ball 1-0: Ground out 4-3 (Groundball, 34D, EV 85.6 MPH)
|
|
Batting: RHB Bobby Bricker
|
0-0: SINGLE (Groundball, 56D, EV 95.6 MPH)
|
|
Batting: RHB Antonio Vallez
|
0-0: Called Strike 0-1: Foul Ball, location: 2F 0-2: Strikes out swinging
|
|
Batting: LHB Vince McLane
|
0-0: Ball 1-0: Ball 2-0: Ball Bobby Bricker steals 2nd base 3-0: Fly out, F9 (Flyball, 9LS, EV 91.2 MPH)
|
| Top of the 5th over - 0 runs, 1 hit, 0 errors, 1 left on base; Harrisburg 0 - Mobile 2 |
| BOTTOM OF THE 5TH |
|
Mobile BayBears batting - Pitching for Harrisburg Senators : RHP Josh Wellman
|
|
Batting: RHB Sean Tanner
|
0-0: Ball 1-0: Swinging Strike 1-1: Ball 2-1: Foul Ball, location: 2F 2-2: Strikes out swinging
|
|
Batting: RHB Carlos Ballesteros
|
0-0: Called Strike 0-1: Fly out, F9 (Flyball, 89S, EV 88.8 MPH)
|
|
Batting: RHB Luke Stark
|
0-0: Ground out 3-1 (Groundball, 34, EV 89.4 MPH)
|
| Bottom of the 5th over - 0 runs, 0 hits, 0 errors, 0 left on base; Harrisburg 0 - Mobile 2 |
| TOP OF THE 6TH |
|
Harrisburg Senators batting - Pitching for Mobile BayBears : RHP Chad Mangum
|
|
Batting: RHB Ryan Hiemer
|
0-0: Ball 1-0: Ground out 5-3 (Groundball, 56S, EV 68.1 MPH)
|
|
Batting: RHB Er Le
|
0-0: Called Strike 0-1: Ball 1-1: Ball 2-1: Foul Ball, location: 2F 2-2: Ball 3-2: Strikes out swinging
|
|
Batting: LHB Kevin Kantor
|
0-0: Foul Ball, location: 2F 0-1: Ball 1-1: Ball 2-1: Swinging Strike 2-2: Strikes out swinging
|
| Top of the 6th over - 0 runs, 0 hits, 0 errors, 0 left on base; Harrisburg 0 - Mobile 2 |
| BOTTOM OF THE 6TH |
|
Mobile BayBears batting - Pitching for Harrisburg Senators : RHP Josh Wellman
|
|
Batting: RHB Francisco Gutierrez
|
0-0: Ball 1-0: Ball 2-0: Called Strike 2-1: SINGLE (Groundball, 6MD, EV 103.8 MPH)
|
|
Batting: RHB Seth Tramontano
|
0-0: Ball 1-0: Called Strike Francisco Gutierrez steals 2nd base 1-1: Fly out, F9 (Flyball, 89D, EV 92.5 MPH) Runner from 2nd tags up, SAFE at 3rd, no throw by RF
|
|
Batting: SHB Rich Muniz
|
0-0: Called Strike 0-1: Ball 1-1: Fly out, F7 (Flyball, 78S, EV 85.6 MPH)
|
|
Batting: RHB Josh Burrows
|
0-0: Ball 1-0: Ball 2-0: Called Strike 2-1: SINGLE (Line Drive, 34, EV 95.6 MPH) Francisco Gutierrez scores
|
|
Batting: RHB D.J. Cooke
|
0-0: Swinging Strike 0-1: Foul Ball, location: 2F 0-2: Ball 1-2: Fielders Choice at 2nd, 6-4 (Groundball, 6, EV 100.6 MPH)
|
| Bottom of the 6th over - 1 run, 2 hits, 0 errors, 1 left on base; Harrisburg 0 - Mobile 3 |
| TOP OF THE 7TH |
|
Harrisburg Senators batting - Pitching for Mobile BayBears : RHP Chad Mangum
|
|
Batting: RHB Nate Dickinson
|
0-0: Ball 1-0: SINGLE (Groundball, 6D, EV 95.0 MPH)
|
|
Batting: LHB Chance McWilliams
|
0-0: Ball Nate Dickinson steals 2nd base (no throw) 1-0: Called Strike 1-1: Ground out 4-3 (Groundball, 4, EV 101.2 MPH) Nate Dickinson to third
|
|
Batting: RHB Pat Scaturro
|
0-0: Swinging Strike 0-1: Foul Ball, location: 2F 0-2: Ground out 6-3 (Groundball, 6S, EV 85.6 MPH) Nate Dickinson scores
|
|
Batting: RHB Bobby Bricker
|
0-0: Ball 1-0: Swinging Strike 1-1: Swinging Strike 1-2: Foul Ball, location: 2F 1-2: Foul Ball, location: 2F 1-2: Ball 2-2: Strikes out swinging
|
| Top of the 7th over - 1 run, 1 hit, 0 errors, 0 left on base; Harrisburg 1 - Mobile 3 |
| BOTTOM OF THE 7TH |
|
Mobile BayBears batting - Pitching for Harrisburg Senators : RHP Josh Wellman
|
|
Batting: LHB T.J. Duvall
|
0-0: Ball 1-0: Ball 2-0: Called Strike 2-1: Foul Ball, location: 2F 2-2: Strikes out swinging
|
|
Batting: RHB Sean Tanner
|
0-0: Called Strike 0-1: Ball 1-1: Swinging Strike 1-2: Foul Ball, location: 2F 1-2: Ball 2-2: Strikes out swinging
|
|
Pitching: RHP Matt Seivert
|
|
|
Batting: RHB Carlos Ballesteros
|
0-0: Foul Ball, location: 2F 0-1: Ball 1-1: Called Strike 1-2: Ball 2-2: Strikes out swinging
|
| Bottom of the 7th over - 0 runs, 0 hits, 0 errors, 0 left on base; Harrisburg 1 - Mobile 3 |
| TOP OF THE 8TH |
|
Harrisburg Senators batting - Pitching for Mobile BayBears : RHP Chad Mangum
|
|
Batting: RHB Antonio Vallez
|
0-0: Ball 1-0: Called Strike 1-1: Ball 2-1: Ball 3-1: Swinging Strike 3-2: Strikes out swinging
|
|
Batting: LHB Vince McLane
|
0-0: Hit by Pitch
|
|
Batting: RHB Ryan Hiemer
|
0-0: Called Strike 0-1: Ball 1-1: Fly out, F9 (Flyball, 9, EV 94.4 MPH)
|
|
Batting: RHB Er Le
|
0-0: Ball 1-0: Called Strike 1-1: Fly out, F8 (Flyball, 78D, EV 99.4 MPH)
|
| Top of the 8th over - 0 runs, 0 hits, 0 errors, 1 left on base; Harrisburg 1 - Mobile 3 |
| BOTTOM OF THE 8TH |
|
Mobile BayBears batting - Pitching for Harrisburg Senators : RHP Matt Seivert
|
|
Batting: RHB Luke Stark
|
0-0: Ball 1-0: Foul Ball, location: 2F 1-1: Ball 2-1: Ball 3-1: Base on Balls
|
|
Batting: RHB Francisco Gutierrez
|
0-0: Ball 1-0: Sac Bunt to 25 - play at first, batter OUT! 5-3 Luke Stark to second
|
|
Batting: RHB Seth Tramontano
|
0-0: Ball 1-0: Foul Ball, location: 2F 1-1: Ball 2-1: Swinging Strike 2-2: Fly out, F7 (Flyball, 7LMF, EV 86.2 MPH)
|
|
Batting: SHB Rich Muniz
|
0-0: Ball 1-0: Fly out, F8 (Flyball, 8LD, EV 91.9 MPH)
|
| Bottom of the 8th over - 0 runs, 0 hits, 0 errors, 1 left on base; Harrisburg 1 - Mobile 3 |
| TOP OF THE 9TH |
|
Harrisburg Senators batting - Pitching for Mobile BayBears : RHP Chad Mangum
|
|
Pitching: RHP Edwin Martinez
|
|
|
Now at 2B: Frank Mullen
|
|
|
Now at 3B: Luke Stark
|
|
|
Batting: LHB Kevin Kantor
|
0-0: Called Strike 0-1: Ball 1-1: Ground out U3 (Groundball, 3L, EV 106.9 MPH)
|
|
Batting: RHB Nate Dickinson
|
0-0: Called Strike 0-1: Ball 1-1: Foul Ball, location: 2F 1-2: Ball 2-2: Ball 3-2: Base on Balls
|
|
Batting: LHB Chance McWilliams
|
0-0: Ball 1-0: Foul Ball, location: 2F 1-1: Called Strike 1-2: Foul Ball, location: 2F 1-2: Ball 2-2: Foul Ball, location: 2F 2-2: Foul Ball, location: 2F 2-2: Fielders Choice at 2nd, 3-6 (Groundball, 3, EV 82.5 MPH)
|
|
Pinch Hitting: LHB Chris Williams
|
0-0: Ground out 5-3 (Groundball, 56S, EV 78.1 MPH)
|
| Top of the 9th over - 0 runs, 0 hits, 0 errors, 1 left on base; Harrisburg 1 - Mobile 3 |
|